[Event "*** Titled Tuesday 3|2 Blitz"]
[Site "Chess.com"]
[Date "2015.11.03"]
[Round "5"]
[White "MITerryble"]
[Black "Chopper1905"]
[Result "1-0"]
[WhiteElo "2598"]
[BlackElo "2536"]
[TimeControl "180+2"]
[EndTime "11:58:41 PST"]
[Termination "MITerryble won by resignation"]

1. d4 Nf6 2. Nf3 e6 3. c4 c5 4. g3 cxd4 5. Nxd4 d5 6. Bg2 e5 7. Nf3 d4 8. O-O Nc6 9. e3 Be7 10. exd4 exd4 11. Na3 O-O 12. Nc2 Bc5 13. Nce1 Bf5 14.
Nd3 Bxd3 15. Qxd3 Nb4 16. Qb3 d3 17. Bd2 Nc2 18. Rad1 Ne4 19. Bf4 Qb6 20. Qxb6 axb6 21. a3 Rfd8 22. Ne5 Nd6 23. Rxd3 f6 24. Bd5+ Kf8 25. Nf3 g5 26. Bxd6+ Rxd6 27. Rc1 g4 28. Rxc2 gxf3 29. Rxf3 b5 30. Bxb7 Rb8 31. cxb5 Bd4 32. Bc6 Re6 33. Rd2 Rd8 34. Rfd3 Red6 35. Kg2 f5 36. a4 Ke7 37. a5 f4 38. gxf4 Rg8+ 39.
Kf3 Bc5 40. Rxd6 Bxd6 41. a6 Rf8 42. Rxd6 Kxd6 43. a7 1-0

[Event "*** Titled Tuesday 3|2 Blitz"]
[Site "Chess.com"]
[Date "2015.11.03"]
[Round "5"]
[White "LADIESGET2KNOWME"]
[Black "WanderingPuppet"]
[Result "1-0"]
[WhiteElo "2247"]
[BlackElo "2208"]
[TimeControl "180+2"]
[EndTime "11:58:50 PST"]
[Termination "LADIESGET2KNOWME won by checkmate"]

1. d4 Nf6 2. c4 g6 3. Nc3 Bg7 4. e4 d6 5. Nf3 O-O 6. Be2 e5 7. O-O Nc6 8. d5 Ne7 9. Ne1 Nd7 10. Be3 f5 11. f3 f4 12. Bf2 g5 13.
Rc1 Ng6 14. c5 Nxc5 15. b4 Na6 16. Nb5 Bd7 17. a4 h5 18. Nd3 Rf7 19. Nb2 Bf8 20. Nc4 Rg7 21. Na5 g4 22. fxg4 Qg5 23. h3 hxg4 24. Bxg4 f3 25. Qxf3 Nf4 26. Bxd7 Rxd7 27. Be3 Rg7 28. Bxf4 exf4 29. Nxb7 Nxb4 30. Rxc7 Re8 31.
Rxg7+ Bxg7 32. N7xd6 Rb8 33. Qxf4 Qxf4 34. Rxf4 a6 35.
Nc7 Bd4+ 36. Kf1 Nd3 37. Rg4+ Kh7 38. Ne6 Be5 39. Ke2 Rb3 40. Nf7 Nc1+ 41. Kd1 Nd3 42.
Nf8# 1-0

[Event "*** Titled Tuesday 3|2 Blitz"]
[Site "Chess.com"]
[Date "2015.11.03"]
[Round "5"]
[White "Er_is_geen_hoop_meer"]
[Black "TomsKantans"]
[Result "0-1"]
[WhiteElo "2391"]
[BlackElo "2312"]
[TimeControl "180+2"]
[EndTime "11:58:52 PST"]
[Termination "TomsKantans won by checkmate"]

1. d4 Nf6 2. c4 c5 3. d5 e6 4. Nc3 exd5 5. cxd5 d6 6. g3 g6 7. Bg2 Bg7 8. Nf3 O-O 9. O-O Re8 10.
Nd2 a6 11. a4 Nbd7 12. h3 Nh5 13. Nce4 Ndf6 14. Nxf6+ Nxf6 15. Re1 Qc7 16. Nc4 b6 17. Bf4 Rd8 18. e4 Nh5 19. e5 Nxf4 20. gxf4 Bf8 21. b4 Bf5 22. bxc5 bxc5 23. a5 Rab8 24. Nb6 Bg7 25. Qe2 g5 26. exd6 Qxd6 27. Rac1 gxf4 28. Qxa6 f3 29. Bxf3 Bxh3 30. Qd3 Kh8 31. Nc4 Qh6 32. Ne3 Rg8 33. Ng2 Bd4 34. Qe4 Rb2 35. Rf1 Bxg2 36. Bxg2 Rxf2 37. Rxf2 Qxc1+ 38. Kh2 Qh6+ 39. Bh3 Bxf2 40.
Qe2 Qf4+ 41. Kh1 Rg1# 0-1

[Event "*** Titled Tuesday 3|2 Blitz"]
[Site "Chess.com"]
[Date "2015.11.03"]
[Round "5"]
[White "motivated_bishop"]
[Black "Rickstereo"]
[Result "1-0"]
[WhiteElo "2192"]
[BlackElo "2088"]
[TimeControl "180+2"]
[EndTime "11:59:01 PST"]
[Termination "motivated_bishop won by resignation"]

1. d4 Nf6 2. c4 c5 3. d5 b5 4.
cxb5 a6 5. bxa6 g6 6. Nc3 Bg7 7. e4 d6 8. Nf3 O-O 9. a4 Nxa6 10. Be2 Nb4 11. O-O Ba6 12. Nd2 Bxe2 13. Nxe2 Qa5 14.
Nc3 Qa6 15. Nb5 Rab8 16. Ra3 Nd7 17. Nc4 Nb6 18. b3 Rfd8 19. Bd2 Nd3 20. Qe2 Ne5 21. Na5 c4 22. Nxc4 Nbxc4 23. bxc4 Rbc8 24. Rc1 Qb6 25. a5 Qc5 26. Rac3 Qb4 27. R3c2 Nd7 1-0

[Event "*** Titled Tuesday 3|2 Blitz"]
[Site "Chess.com"]
[Date "2015.11.03"]
[Round "5"]
[White "Entilza"]
[Black "3f32"]
[Result "1-0"]
[WhiteElo "2045"]
[BlackElo "2256"]
[TimeControl "180+2"]
[EndTime "11:59:03 PST"]
[Termination "Entilza won by resignation"]

1. d4 Nf6 2. c4 e6 3. Nc3 Bb4 4.
Qc2 d5 5. a3 Bxc3+ 6. Qxc3 Ne4 7.
Qc2 c5 8. Nf3 Nc6 9. dxc5 Qa5+ 10. b4 Nxb4 11. axb4 Qxa1 12. e3 O-O 13. Bd3 Qc3+ 14.
Qxc3 Nxc3 15. cxd5 Nxd5 16. Bd2 b6 17. c6 Rd8 18. Ke2 a5 19. b5 f6 20. e4 Ne7 21.
Ra1 Kf7 22. Bc4 Ng6 23. g3 Ke8 24. Bc3 e5 25. Ne1 Nf8 26. Nc2 Be6 27. Ne3 Bxc4+ 28. Nxc4 Ne6 29. Nxb6 Rab8 30. Bxa5 Nd4+ 31. Kf1 Nb3 32.
Ra3 Nxa5 33. c7 Rxb6 34. cxd8=Q+ Kxd8 35. Rxa5 g6 36. Ra8+ Ke7 37. Ra7+ Ke6 38. Ra6 1-0

[Event "*** Titled Tuesday 3|2 Blitz"]
[Site "Chess.com"]
[Date "2015.11.03"]
[Round "5"]
[White "joppie2"]
[Black "GregShahade"]
[Result "0-1"]
[WhiteElo "2323"]
[BlackElo "2319"]
[TimeControl "180+2"]
[EndTime "11:59:08 PST"]
[Termination "GregShahade won by resignation"]

1. e4 c5 2. Nf3 g6 3. d4 cxd4 4.
Nxd4 Nc6 5. c4 Nf6 6. Nc3 d6 7. Be2 Nxd4 8. Qxd4 Bg7 9. Be3 O-O 10. Qd2 Be6 11.
O-O Qa5 12. f3 Rfc8 13. b3 a6 14. Rab1 Qb4 15. Rfc1 Nd7 16. Qb2 b5 17. a3 Qa5 18.
b4 Qc7 19. c5 dxc5 20. bxc5 Nxc5 21. Nd5 Bxb2 22. Rxb2 Bxd5 23. Rxc5 Qxc5 24. Bxc5 Rxc5 25. exd5 Rxd5 26. Kf2 Rc8 27. f4 Rc3 28. Ra2 Rdc5 29. a4 Rc2 30. Ra3 b4 31. Rd3 a5 32. Rd7 Rc6 33. Rb7 Re6 0-1

[Event "*** Titled Tuesday 3|2 Blitz"]
[Site "Chess.com"]
[Date "2015.11.03"]
[Round "5"]
[White "pKiLz5Rn9b"]
[Black "Mugzyyy"]
[Result "0-1"]
[WhiteElo "2444"]
[BlackElo "2480"]
[TimeControl "180+2"]
[EndTime "11:59:13 PST"]
[Termination "Mugzyyy won by checkmate"]

1. e4 c5 2. c3 d6 3. d4 Nf6 4.
Bd3 e5 5. Nf3 Nc6 6. d5 Ne7 7.
a4 g6 8. h3 Bg7 9. g3 O-O 10. Na3 a6 11. Nc4 b6 12. a5 b5 13. Nb6 Rb8 14. Be3 Nd7 15. Nxc8 Qxc8 16. g4 c4 17. Bc2 Nc5 18. Qe2 f5 19. gxf5 gxf5 20. Bxc5 Qxc5 21. Ng5 fxe4 22. Ne6 Qxd5 23. Nxf8 e3 24. Bxh7+ Kh8 25. f3 Rxf8 26. Be4 Qe6 27. f4 exf4 28. Qh5+ Bh6 29. Rg1 f3 30. Bxf3 e2 31.
Be4 Qf6 32. Bf3 Qe6 33. Be4 d5 34. Rg6 Nxg6 35. Qxh6+ Kg8 36. Bxd5 Rf1+ 37. Kd2 Qxd5+ 38. Kc2 Qd3# 0-1

[Event "*** Titled Tuesday 3|2 Blitz"]
[Site "Chess.com"]
[Date "2015.11.03"]
[Round "5"]
[White "Iball95"]
[Black "manubibi"]
[Result "1-0"]
[WhiteElo "2367"]
[BlackElo "2432"]
[TimeControl "180+2"]
[EndTime "11:59:13 PST"]
[Termination "Iball95 won by resignation"]

1. e4 c5 2. Nf3 d6 3. Bb5+ Bd7 4. Bxd7+ Qxd7 5. c4 Nf6 6. Nc3 Nc6 7. d4 cxd4 8.
Nxd4 g6 9. h3 Nxd4 10. Qxd4 Bg7 11. O-O O-O 12. Qd3 Rac8 13. Be3 a6 14. Rac1 b5 15.
cxb5 axb5 16. Nxb5 Nxe4 17. Qxe4 Qxb5 18. Qxe7 Qxb2 19.
a4 Qa3 20. Rxc8 Rxc8 21. Qb7 Re8 22. Qc6 Rb8 23. Bb6 Be5 24. a5 Qb4 25. Qd5 h5 26. Be3 Qa3 27. h4 Qa4 28. g3 Rb3 29. a6 Qa3 30. a7 Rxe3 31. a8=Q+ Kg7 32. Qxa3 Rxa3 1-0

[Event "*** Titled Tuesday 3|2 Blitz"]
[Site "Chess.com"]
[Date "2015.11.03"]
[Round "5"]
[White "stepanosinovsky"]
[Black "pedromartinez91"]
[Result "0-1"]
[WhiteElo "2245"]
[BlackElo "2192"]
[TimeControl "180+2"]
[EndTime "11:59:20 PST"]
[Termination "pedromartinez91 won by resignation"]

1. g3 d5 2. Bg2 Nc6 3. Nf3 e5 4. d3 h6 5. O-O Nf6 6. c4 Be6 7. cxd5 Nxd5 8. Nc3 Be7 9. d4 Nxc3 10. bxc3 e4 11.
Nd2 f5 12. Rb1 Rb8 13. e3 Bxa2 14. Qh5+ Bf7 15. Qxf5 O-O 16. Bxe4 g6 17. Qh3 Kg7 18. Nf3 Bc4 19. Rd1 Be2 20. Qg4 Qd6 21. Ba3 Qf6 22. Bxe7 Nxe7 23. Qd7 Bxf3 24. Bxf3 Qxf3 25. Qxe7+ Rf7 26. Qe5+ Kh7 27. Rd2 Rbf8 28. Rxb7 Qxb7 29. e4 Qb1+ 30. Kg2 Qe1 31. Ra2 Rxf2+ 32. Rxf2 Qxf2+ 33. Kh3 Qf1+ 34. Kg4 h5+ 35. Kg5 Rf7 36. Qe6 Qc1+ 37. Kh4 Kg7 38. Qe5+ Kh7 39. Qe6 Rg7 40. c4 Qd2 41. h3 Qxd4 42. c5 Qd8+ 0-1

[Event "*** Titled Tuesday 3|2 Blitz"]
[Site "Chess.com"]
[Date "2015.11.03"]
[Round "5"]
[White "Viaje"]
[Black "FrankieJay"]
[Result "1-0"]
[WhiteElo "2256"]
[BlackElo "2181"]
[TimeControl "180+2"]
[EndTime "11:59:28 PST"]
[Termination "Viaje won by resignation"]

1. d4 d5 2. c4 c6 3. Nf3 Nf6 4. Qc2 g6 5. Bf4 Bg7 6. e3 O-O 7. Nc3 a6 8. h3 Bf5 9. Qb3 Ra7 10.
a4 Ne4 11. Be2 Nxc3 12. bxc3 dxc4 13. Bxc4 b5 14. axb5 cxb5 15. Be2 Nc6 16. O-O Be6 17. Qb2 Na5 18. e4 Bc4 19. Ne5 Bxe2 20. Qxe2 Bxe5 21. Bxe5 Nc4 22. Bg3 Qb6 23. f4 Rc8 24. f5 Nd6 25. fxg6 hxg6 26. Kh2 f6 27. Qg4 Kg7 28.
e5 Nf7 29. Bh4 f5 30. Qe2 e6 31. Bf6+ Kh7 32. Rf4 Rxc3 33. Rh4+ Kg8 34. Qd2 Rc4 35. Qe3 Qc6 36. Qg3 g5 37. Bxg5 Kf8 38. Bf6 Ke8 39. Qg8+ Kd7 40. Qxf7+ 1-0

[Event "*** Titled Tuesday 3|2 Blitz"]
[Site "Chess.com"]
[Date "2015.11.03"]
[Round "5"]
[White "PowerThinking2650"]
[Black "1random"]
[Result "0-1"]
[WhiteElo "2093"]
[BlackElo "1928"]
[TimeControl "180+2"]
[EndTime "11:59:38 PST"]
[Termination "1random won by resignation"]

1. e4 c5 2. Nf3 d6 3. g3 g6 4. Bg2 Bg7 5. O-O Nf6 6. Nc3 O-O 7. d3 Nc6 8. h3 Rb8 9. a4 a6 10. Be3 b5 11. axb5 axb5 12. Qd2 b4 13. Nd1 Nd7 14. Bh6 Qb6 15. Bxg7 Kxg7 16. Nh4 e5 17.
Ne3 Nf6 18. Nef5+ gxf5 19. Qg5+ Kh8 20. Qxf6+ Kg8 21. exf5 Nd4 22. Be4 Bb7 23. Qg5+ Kh8 24. f6 Rg8 25. Qh5 Bxe4 26. dxe4 Qb7 27. f3 Nxc2 28.
Kh2 Nxa1 29. Rxa1 Ra8 30. Rxa8 Rxa8 31. Nf5 Qd7 32. Nh6 Qe8 33. Nxf7+ Kg8 34. Nh6+ Kh8 35. f7 Qe6 36. Qg5 Qg6 37. Qe7 Qxh6 38. f4 exf4 39. g4 f3 40. g5 Qg7 41. Kg3 Qe5+ 0-1

[Event "*** Titled Tuesday 3|2 Blitz"]
[Site "Chess.com"]
[Date "2015.11.03"]
[Round "5"]
[White "eltenedor"]
[Black "kleinebeer98"]
[Result "1-0"]
[WhiteElo "1961"]
[BlackElo "2210"]
[TimeControl "180+2"]
[EndTime "11:59:39 PST"]
[Termination "eltenedor won by checkmate"]

1. c4 Nf6 2. g3 c6 3. Nf3 d5 4. d4 g6 5. Bg2 Bg7 6. cxd5 cxd5 7. Ne5 O-O 8. O-O Nc6 9. f4 Ne4 10. Nc3 Bf5 11. Nxe4 Bxe4 12. Bxe4 dxe4 13. Nxc6 bxc6 14. Be3 Rb8 15. Qd2 c5 16. Rfd1 cxd4 17. Bxd4 Bxd4+ 18. Qxd4 Qxd4+ 19. Rxd4 Rxb2 20. Rxe4 e6 21. Kf2 Rc8 22. a4 Kf8 23. Rd1 Ke7 24. g4 Kf6 25. Rd7 a5 26. Re5 Rc4 27. g5+ Kg7 28. Rxe6 Rxf4+ 29. Ke3 Rxa4 30. Rf6 Raa2 31. Rdxf7+ Kg8 32. Rf8+ Kg7 33. R6f7# 1-0

[Event "*** Titled Tuesday 3|2 Blitz"]
[Site "Chess.com"]
[Date "2015.11.03"]
[Round "5"]
[White "vellottiwizard"]
[Black "oggy1984"]
[Result "1-0"]
[WhiteElo "2417"]
[BlackElo "2269"]
[TimeControl "180+2"]
[EndTime "11:59:45 PST"]
[Termination "vellottiwizard won on time"]

1. e4 e5 2. Nf3 Nc6 3. Bb5 Nf6 4. O-O Nxe4 5. d4 Be7 6. Re1 d5 7. Nxe5 Bd7 8. Nxd7 Qxd7 9. c3 O-O 10. Nd2 f5 11. f3 Nf6 12. Nf1 Bd6 13. Be3 a6 14. Bd3 Nh5 15. Qb3 Ne7 16. c4 c6 17. Bg5 Nf6 18. Ne3 g6 19. cxd5 cxd5 20. Bxf6 Rxf6 21. Nxd5 Nxd5 22. Qxd5+ Kg7 23. Qb3 b5 24. a4 b4 25.
Rac1 a5 26. Bb5 Qd8 27. Re8 Qxe8 28. Bxe8 Rxe8 29. Qd5 Re7 30. Qxa5 f4 31. Qd5 Bc7 32. h3 Bb6 33. Kh2 Rfe6 34. a5 Ba7 35. Rc2 Re1 36. Qd6 Re8 37. Rc7+ Kh6 38. Qxf4+ 1-0

[Event "*** Titled Tuesday 3|2 Blitz"]
[Site "Chess.com"]
[Date "2015.11.03"]
[Round "5"]
[White "darsen_sanzhaev"]
[Black "AndrewMcStone"]
[Result "1-0"]
[WhiteElo "2236"]
[BlackElo "1993"]
[TimeControl "180+2"]
[EndTime "11:59:47 PST"]
[Termination "darsen_sanzhaev won by resignation"]

1. d4 e6 2. c4 f5 3. Nc3 Nf6 4. g3 Bb4 5. Bg2 O-O 6. Nf3 d6 7. O-O Qe7 8. Qc2 Bxc3 9. Qxc3 Ne4 10. Qc2 e5 11. dxe5 dxe5 12. Nh4 Nc6 13. Bxe4 fxe4 14. Qxe4 Bh3 15. Rd1 Qf6 16. Be3 Rae8 17. a3 Nd4 18. Bxd4 exd4 19. Qxd4 Rxe2 20. Qxf6 Rxf6 21. Rd8+ Kf7 22.
f4 Rxb2 23. Nf3 h6 24. Re1 g5 25. Ne5+ Kg7 26. Nd3 Rd2 27. Re7+ Rf7 28. Rxf7+ Kxf7 29. Ne5+ Ke6 30. Rxd2 gxf4 31. gxf4 1-0

[Event "*** Titled Tuesday 3|2 Blitz"]
[Site "Chess.com"]
[Date "2015.11.03"]
[Round "5"]
[White "Izoria123"]
[Black "SenseiJulio"]
[Result "0-1"]
[WhiteElo "2414"]
[BlackElo "2629"]
[TimeControl "180+2"]
[EndTime "11:59:52 PST"]
[Termination "SenseiJulio won by resignation"]

1. Nf3 Nf6 2. c4 e6 3. g3 d5 4. d4 Be7 5. Bg2 O-O 6. Qc2 c6 7.
O-O b6 8. Nbd2 Bb7 9. e4 Na6 10. a3 c5 11. cxd5 exd5 12. e5 Ne4 13. Re1 Rc8 14. Qb1 cxd4 15. Nxd4 Nac5 16. b4 Na4 17. Nf5 Re8 18. Qd3 Bf8 19. Nxe4 dxe4 20. Bxe4 Rxe5 21.
Nh6+ gxh6 22. Bxh7+ Kh8 23. Rxe5 Bg7 24. Bf4 Qf6 25. Be4 Rd8 26. Bxb7 Rxd3 27. Re8+ Bf8 28. Rxf8+ Kg7 29. Rxf7+ Kxf7 30. Re1 Nc3 31. Bf3 Rxf3 0-1

[Event "*** Titled Tuesday 3|2 Blitz"]
[Site "Chess.com"]
[Date "2015.11.03"]
[Round "5"]
[White "Blitzstream"]
[Black "Frolyanov_D"]
[Result "1-0"]
[WhiteElo "2410"]
[BlackElo "2296"]
[TimeControl "180+2"]
[EndTime "12:00:00 PST"]
[Termination "Blitzstream won by resignation"]

1. d4 Nf6 2. Bg5 Ne4 3. Bh4 c5 4. f3 Qa5+ 5. c3 g5 6. fxe4 gxh4 7. e3 Bh6 8. Bc4 cxd4 9. exd4 Qg5 10. Nf3 Qxg2 11. Rf1 d5 12. Rf2 Qg4 13. exd5 Be3 14. Rf1 Rg8 15. Qe2 Bh6 16. Nbd2 Bf5 17. O-O-O Nd7 18.
Rg1 O-O-O 19. Rxg4 Bxg4 20. Kb1 Nb6 21. Bb3 Nxd5 22.
Ka1 e6 23. Qc4+ Kb8 24. Re1 Ne3 25. Qd3 Bf5 26. Qe2 Ng2 27. Rg1 h3 28. Nc4 Ka8 29. a3 Rg4 30. Nce5 Re4 31. Qc4 a6 32. Qc7 Rb8 33.
Nd7 Bf4 34. Nfe5 Rg8 35. Nb6+ 1-0

[Event "*** Titled Tuesday 3|2 Blitz"]
[Site "Chess.com"]
[Date "2015.11.03"]
[Round "5"]
[White "xdb"]
[Black "kharposh"]
[Result "0-1"]
[WhiteElo "2052"]
[BlackElo "2057"]
[TimeControl "180+2"]
[EndTime "12:00:10 PST"]
[Termination "kharposh won by resignation"]

1. e4 e5 2. Nf3 Nc6 3. Nc3 Nf6 4.
Bb5 Bb4 5. O-O d6 6. d3 O-O 7. Bg5 Bxc3 8. bxc3 h6 9. Bh4 Bd7 10.
Re1 a6 11. Ba4 b5 12. Bb3 Be6 13. d4 Bg4 14. h3 Bxf3 15. gxf3 Na5 16. f4 exf4 17. e5 g5 18. exf6 Qxf6 19. Qg4 Kh8 20. Bd5 Rae8 21. Rxe8 Rxe8 22. Qh5 Re7 23. Kh2 c6 24. Bf3 Qg6 25. a4 Qxh5 26. Bxh5 Nc4 27. axb5 axb5 28. Ra6 Rc7 29. Bf3 d5 30. Kg2 Kg7 31.
Bg4 Kg6 32. Kf3 f5 33. Ra8 fxg4+ 34. hxg4 gxh4 35. Rg8+ Kh7 36. Rf8 Nd6 37. Rf6 Ne4 38. Rxf4 Kg6 0-1

[Event "*** Titled Tuesday 3|2 Blitz"]
[Site "Chess.com"]
[Date "2015.11.03"]
[Round "5"]
[White "Sadovsky_Artem"]
[Black "jup1978"]
[Result "1-0"]
[WhiteElo "2464"]
[BlackElo "2216"]
[TimeControl "180+2"]
[EndTime "12:00:11 PST"]
[Termination "Sadovsky_Artem won by checkmate"]

1. e4 e5 2. Nf3 Nc6 3. Nc3 Nf6 4. Bc4 Bc5 5. O-O d6 6. d3 h6 7. Be3 Bb6 8. Nd5 Be6 9. Nxb6 axb6 10. Bxe6 fxe6 11.
d4 exd4 12. Nxd4 Nxd4 13. Bxd4 e5 14. Be3 O-O 15. f3 Qe7 16. c4 Qe6 17. b3 Nd7 18. Qd5 Nc5 19. b4 Qxd5 20. cxd5 Na4 21. Rfc1 Rf7 22.
Rc2 Kf8 23. Rac1 Rc8 24. Kf2 Ke8 25. Ke2 Kd8 26. Kd3 b5 27. Rf1 Kd7 28. g3 c5 29.
bxc5 dxc5 30. Rb1 b4 31. f4 exf4 32. gxf4 b6 33. e5 Re7 34. Kc4 Rb8 35. Rg1 b5+ 36. Kd3 c4+ 37. Ke4 Nc3+ 38. Kd4 Ra8 39. e6+ Ke8 40.
f5 Nxa2 41. f6 Rea7 42. fxg7 Ke7 43. g8=Q Rxg8 44. Rxg8 Ra3 45. Rg7+ Ke8 46. d6 Rd3+ 47. Kc5 b3 48. Rg8# 1-0

[Event "*** Titled Tuesday 3|2 Blitz"]
[Site "Chess.com"]
[Date "2015.11.03"]
[Round "5"]
[White "Rating-Schmating"]
[Black "ilmago"]
[Result "0-1"]
[WhiteElo "1934"]
[BlackElo "1917"]
[TimeControl "180+2"]
[EndTime "12:00:16 PST"]
[Termination "ilmago won by checkmate"]

1. e4 c5 2. Nf3 d6 3. d4 cxd4 4. Nxd4 Nf6 5. Nc3 e6 6. Be3 a6 7. a4 Be7 8. Be2 O-O 9. O-O Nc6 10. Kh1 Qc7 11. f4 Re8 12. Nxc6 bxc6 13. Bf3 Rb8 14. b3 Qa5 15. Ne2 e5 16. fxe5 Qxe5 17.
Bf4 Qe6 18. Nd4 Qd7 19. Re1 Bb7 20. Nf5 Bf8 21. Bxd6 Rbd8 22. Bxf8 Qxd1 23. Raxd1 Kxf8 24. e5 Nd5 25. Bxd5 cxd5 26. Nd6 Re7 27. Kg1 Ba8 28.
Kf2 f6 29. Nf5 Rxe5 30. Ne3 d4 31. Nc4 Rf5+ 32. Kg1 Rg5 33. g3 Rf5 34. Re6 Bd5 35. Rxd4 Rc8 36. Rxa6 Bxc4 37. Rxc4 Rxc4 38. bxc4 Rc5 39.
Ra8+ Kf7 40. a5 Rxc4 41. a6 Rxc2 42. a7 Ra2 43. Kf1 Kg6 44. Ke1 h5 45. Kd1 Kg5 46. Ke1 Kg4 47. Kf1 Kf3 48. Ke1 Kg2 49. Kd1 Kxh2 50. g4 h4 51. Rh8 Rxa7 52. Rxh4+ Kg3 53. Rh7 Kxg4 54. Ke2 f5 55. Kf2 Ra2+ 56. Ke3 g5 57. Rh1 f4+ 58. Kd3 Kf3 59. Rf1+ Rf2 60. Rg1 g4 61. Kd4 g3 62. Ke5 Re2+ 63. Kf5 Kf2 64. Rh1 f3 65. Kf4 g2 66. Rh2 Ra2 67. Kg4 Ra4+ 68. Kf5 Kg3 69. Rh5 g1=Q 70. Rg5+ Kf2 71. Rh5 Qb1+ 72. Kg5 Qb5+ 73. Kh6 Ra6+ 74. Kg7 Qb7+ 75. Kh8 Ra8# 0-1

[Event "*** Titled Tuesday 3|2 Blitz"]
[Site "Chess.com"]
[Date "2015.11.03"]
[Round "5"]
[White "SerGo055"]
[Black "Aygehovit1992"]
[Result "1-0"]
[WhiteElo "2397"]
[BlackElo "2473"]
[TimeControl "180+2"]
[EndTime "12:00:18 PST"]
[Termination "SerGo055 won by checkmate"]

1. d4 d6 2. Nf3 g6 3. c4 Bg7 4. Nc3 Nc6 5. d5 Nb8 6. e4 Nf6 7. Bg5 Nbd7 8. Qd2 c6 9. Bh6 Bxh6 10. Qxh6 Qa5 11. Qd2 Rb8 12. Be2 Nc5 13. e5 dxe5 14.
Nxe5 cxd5 15. cxd5 Qc7 16. Bb5+ Kf8 17. Nd3 Nxd3+ 18.
Bxd3 Qe5+ 19. Qe3 Qxe3+ 20. fxe3 Bd7 21. e4 Ng4 22. Kd2 Ne5 23. Ne2 Kg7 24. Nd4 Rhd8 25. Nf3 Nxd3 26. Kxd3 e6 27. dxe6 Bxe6+ 28. Ke3 Rd7 29.
Rhd1 Rc7 30. Rd2 Rbc8 31. a3 Rc1 32. Rxc1 Rxc1 33. Nd4 Bc4 34. Rc2 Rxc2 35. Nxc2 Kf6 36. Kd4 Be6 37. Ne3 h5 38. h4 g5 39. g3 gxh4 40. gxh4 b6 41. e5+ Ke7 42. Ke4 Ba2 43. Kf4 Ke6 44. Nf5 Kd5 45. Ng7 Kc4 46. Nxh5 Bb1 47. Nf6 Kb3 48. h5 Kxb2 49. Ne4 b5 50.
h6 Kxa3 51. h7 b4 52. h8=Q a5 53.
Qh1 Ka2 54. Qe1 Bc2 55. Ke3 Kb2 56. Kd2 b3 57. Qc1+ Ka2 58. Kc3 Bxe4 59. Qb2# 1-0

[Event "*** Titled Tuesday 3|2 Blitz"]
[Site "Chess.com"]
[Date "2015.11.03"]
[Round "5"]
[White "GrigorGrigorov"]
[Black "AleksandrNevski"]
[Result "0-1"]
[WhiteElo "2431"]
[BlackElo "2330"]
[TimeControl "180+2"]
[EndTime "12:00:23 PST"]
[Termination "AleksandrNevski won by resignation"]

1. d4 Nf6 2. Nf3 e6 3. c4 d5 4. Nc3 Be7 5. Bf4 O-O 6. e3 Nbd7 7. Qc2 c5 8. Rd1 Qa5 9. Nd2 cxd4 10. Nb3 Qd8 11.
exd4 dxc4 12. Bxc4 Nb6 13. Bd3 Nbd5 14. Nxd5 Qxd5 15.
O-O Bd7 16. Be5 Bb5 17. Bxb5 Qxb5 18. Rd3 Rfc8 19. Qd1 Qd5 20. Rg3 g6 21. h4 Ne4 22.
Rh3 h5 23. Re1 Nf6 24. Rg3 Rc6 25. Qd3 Ng4 26. f3 Nxe5 27. Rxe5 Qc4 28. Rxg6+ fxg6 29. Qxg6+ Kf8 30. Rxh5 Bd8 31. Rh7 Rc7 32. Rh8+ Ke7 33. Qg7+ Kd6 34. Qe5+ Kd7 35. Nc5+ Rxc5 36. Rh7+ Kc6 37.
Rh6 Rxe5 38. dxe5 Qc5+ 0-1

[Event "*** Titled Tuesday 3|2 Blitz"]
[Site "Chess.com"]
[Date "2015.11.03"]
[Round "5"]
[White "Krutoy123"]
[Black "igorkovalenko"]
[Result "0-1"]
[WhiteElo "2296"]
[BlackElo "2519"]
[TimeControl "180+2"]
[EndTime "12:00:29 PST"]
[Termination "igorkovalenko won by resignation"]

1. e4 e6 2. Ke2 d5 3. exd5 exd5 4. d3 Nf6 5. Nf3 Bc5 6. Kd2 O-O 7. d4 Ne4+ 8. Ke1 Bd6 9. Bd3 Nc6 10. c3 Qf6 11. Nbd2 Bf5 12. Nf1 Rae8 13. Ne3 Bg6 14.
Kf1 Ne7 15. Kg1 c6 16. h3 h5 17. Nf1 Nf5 18. Bxe4 Rxe4 19. Bg5 Qe6 20. N1d2 f6 21.
Nxe4 dxe4 22. Qe2 Re8 23. Re1 fxg5 24. Nxg5 Qxa2 25. Nxe4 Nxd4 26. Qd3 Rxe4 27. Rxe4 Bxe4 28. Qd1 Nf5 29. h4 Qd5 30. Qf1 b5 31. Rh3 a5 32.
Qe2 Bxg2 33. Rd3 Qe4 34. Qd1 g6 35. f3 Qxh4 36. Kxg2 Qh2+ 37. Kf1 Ng3+ 38. Ke1 Qg1+ 39. Kd2 Bf4+ 40. Kc2 Qxd1+ 41. Kxd1 h4 42. Rd8+ Kg7 43. Rd7+ Kf6 44. Rh7 g5 45. Ke1 Kg6 46. Rh8 a4 47.
Kf2 Nf5 48. Rc8 Ne7 49. Re8 Kf7 50. Ra8 Bc1 51. c4 Bxb2 52. cxb5 cxb5 53. Ra5 a3 54. Kg2 b4 55. Kh3 b3 56. Kg4 a2 57. Kxg5 a1=Q 0-1

[Event "*** Titled Tuesday 3|2 Blitz"]
[Site "Chess.com"]
[Date "2015.11.03"]
[Round "5"]
[White "dretch"]
[Black "cassoulet"]
[Result "1-0"]
[WhiteElo "2467"]
[BlackElo "2243"]
[TimeControl "180+2"]
[EndTime "12:00:35 PST"]
[Termination "dretch won by checkmate"]

1. d4 d5 2. c4 e5 3. dxe5 d4 4. Nf3 Nc6 5. Nbd2 Bg4 6. h3 Bh5 7. Qa4 Ne7 8. g4 Bg6 9. Bg2 h5 10. Nh4 Qd7 11. Nb3 Nxe5 12. Qxd7+ Nxd7 13. Bxb7 Rb8 14. Nxg6 Nxg6 15. Be4 hxg4 16. hxg4 Rxh1+ 17. Bxh1 Bb4+ 18. Kd1 c5 19. a3 Bc3 20. Kc2 Be1 21. f4 Bg3 22. Bc6 Rc8 23. Bxd7+ Kxd7 24. e3 Bf2 25.
Kd3 dxe3 26. Bxe3 Bxe3 27. Kxe3 Kc6 28. Rd1 Rh8 29. Ke4 Rh2 30. Rd2 Rh3 31. Rd3 Rxd3 32.
Kxd3 Nxf4+ 33. Ke4 Ne6 34. Ke5 Nf8 35. Na5+ Kb6 36. b4 Ne6 37. Nb3 Kc6 38. b5+ Kb6 39. Kd6 g5 40. a4 Nd4 41. a5+ Kb7 42. Nxc5+ Kc8 43. Ne4 f5 44. gxf5 Nxf5+ 45. Ke5 Ne3 46. Kd4 Nf5+ 47. Ke5 Ne3 48. Nd6+ Kc7 49. Ke4 Nd1 50.
c5 g4 51. a6 Nc3+ 52. Kd3 g3 53. b6+ axb6 54. a7 g2 55. a8=Q g1=Q 56. Qc8# 1-0

[Event "*** Titled Tuesday 3|2 Blitz"]
[Site "Chess.com"]
[Date "2015.11.03"]
[Round "5"]
[White "GeorgMeier"]
[Black "Zkid"]
[Result "1-0"]
[WhiteElo "2611"]
[BlackElo "2460"]
[TimeControl "180+2"]
[EndTime "12:01:02 PST"]
[Termination "GeorgMeier won on time"]

1. Nf3 Nf6 2. g3 g6 3. Bg2 c5 4. b3 Bg7 5. Bb2 Nc6 6. c4 O-O 7. O-O d5 8. cxd5 Nxd5 9. Bxg7 Kxg7 10. d4 cxd4 11. Nxd4 Nxd4 12. Qxd4+ Nf6 13. Qe5 Qb6 14. Nc3 Kg8 15. Qxe7 Re8 16. Qa3 Be6 17. Rac1 Rad8 18. Na4 Qa6 19. Qb2 Bf5 20. Bf3 Ng4 21. Nc5 Qb6 22. h3 Ne5 23. Bg2 Re7 24. Nxb7 Rxb7 25. Qxe5 Rbd7 26. Rc6 Qb4 27. Rc4 Qb6 28. g4 Be6 29.
Rc6 Qb4 30. Ra6 Re7 31. Qa5 Qd4 32. e3 Qd7 33. Rxa7 Qxa7 34. Qxd8+ Kg7 35. Qd2 Rd7 36. Qb2+ Kg8 37. Rc1 Qb8 38. b4 h6 39. b5 Rd6 40.
a4 Qd8 41. Bf3 g5 42. Qc3 Rd7 43. a5 Rd3 44. Qc7 Qf6 45. Bg2 Rd2 46. Rf1 1-0

[Event "*** Titled Tuesday 3|2 Blitz"]
[Site "Chess.com"]
[Date "2015.11.03"]
[Round "5"]
[White "Oligan22"]
[Black "bugsbunny444"]
[Result "1-0"]
[WhiteElo "2164"]
[BlackElo "2331"]
[TimeControl "180+2"]
[EndTime "12:01:03 PST"]
[Termination "Oligan22 won by resignation"]

1. e4 e6 2. d4 d5 3. Nc3 Nf6 4. e5 Nfd7 5. f4 c5 6. Nf3 Nc6 7. Be3 cxd4 8. Nxd4 Bc5 9. Qd2 O-O 10. O-O-O a6 11. h4 Nxd4 12. Bxd4 b5 13. h5 b4 14. Ne2 a5 15. Rh3 Ba6 16. Rg3 Qh4 17. Rg5 h6 18. Rg3 Bxe2 19. Rh3 Qxh3 20. gxh3 Bxd1 21. Qxd1 Rfc8 22.
f5 exf5 23. Bb5 Nf8 24. Bxc5 Rxc5 25. Bd3 Re8 26. Bxf5 Rxe5 27. Qd4 Rxf5 28. Qxc5 Ne6 29. Qxa5 Rf4 30. Qa8+ Kh7 31. Qxd5 Rf1+ 32. Kd2 Rf4 33. c3 bxc3+ 34. bxc3 Ng5 35. Qd3+ f5 36. h4 Rxh4 37. Qxf5+ Kh8 38. Qc8+ Kh7 39. Qf5+ Kh8 40. Qg6 Rf4 41. a4 Rf6 42. Qe8+ Kh7 43. a5 Nf7 44. Qe4+ Kg8 45.
Qa8+ Kh7 46. a6 Ne5 47. a7 Nc4+ 48. Kd3 Nb6 49. Qe4+ Kg8 50. Qd4 Kf7 51. Qxb6 Rxb6 52. a8=Q Rd6+ 53. Kc2 Re6 54. Qd5 Kf6 55. c4 Re5 56. Qd4 Ke6 57. c5 Rxh5 58. c6 Rd5 59. Qxd5+ 1-0